 Dungeon Crawl Stone Soup version 0.26-a0-255-gd5f3108e62 (webtiles) character file.

Game seed: 11079618795084107568

28 gruber the Conjurer (level 3, -1/21 HPs)
             Began as an Octopode Conjurer on July 9, 2020.
             Slain by an adder (3 damage)
             ... on level 2 of the Dungeon.
             The game lasted 00:00:58 (921 turns).

gruber the Conjurer (Octopode Conjurer)              Turns: 921, Time: 00:00:58

Health: -1/21      AC:  1    Str:  6    XL:     3   Next: 12%
Magic:  0/6        EV: 13    Int: 21    God:
Gold:   52         SH:  0    Dex: 10    Spells: 3/6 levels left

rFire    . . .     SeeInvis .   (no weapon)
rCold    . . .     Faith    .   (no shield)
rNeg     . . .     Spirit   .   (helmet restricted)
rPois    .         Reflect  .   (no amulet)
rElec    .         Harm     .   (no ring)
rCorr    .                      (no ring)
MR       .....                  (no ring)
Stlth    +++.......             (no ring)
HPRegen  0.07/turn              (no ring)
MPRegen  0.10/turn              (no ring)
                                (no ring)
                                (no ring)

@: no status effects
A: almost no armour, stealthy swim, amphibious, 8 rings, constrict 8, camouflage
1, gelatinous body 1
a: no special abilities


You were on level 2 of the Dungeon.
You were not hungry.

You visited 1 branch of the dungeon, and saw 2 of its levels.

You collected 52 gold pieces.

Inventory:

Jewellery
 f - an uncursed ring of resist corrosion {unknown}
Scrolls
 a - a scroll of enchant armour {unknown}
 d - a scroll of remove curse {unknown}
Potions
 c - a potion of heal wounds {unknown}
 g - a potion of curing {unknown}
Comestibles
 b - 4 rations


   Skills:
 - Level 2.0 Dodging
 - Level 2.6 Stealth
 + Level 2.0 Spellcasting
 * Level 4.9 Conjurations


You had 3 spell levels left.
You knew the following spells:

 Your Spells              Type           Power        Failure   Level
a - Magic Dart            Conj           ###.         1%          1
b - Searing Ray           Conj           ###...       3%          2

Your spell library contained the following spells:

 Spells                   Type           Power        Failure   Level
 Dazzling Flash           Conj/Hex       ##....       16%         3
 Fulminant Prism          Conj/Hex       ##........   45%         4
 Iskenderun's Mystic Bla  Conj/Tloc      ##......     45%         4


Dungeon Overview and Level Annotations

Branches:
Dungeon (2/15)

Altars:
Dithmenos


Innate Abilities, Weirdness & Mutations

You cannot wear most types of armour.
You are very stealthy in the water. (Stealth+)
You are amphibious.
You can wear up to eight rings at the same time.
You can use your tentacles to constrict eight enemies at once.
Your skin changes colour to match your surroundings (Stealth+).
Your rubbery body absorbs attacks. (AC +1, EV +1)


Message History

You closely miss the adder. Your grab misses the adder.
The adder is severely wounded.
The adder bites you. x2
* * * LOW HITPOINT WARNING * * *
You closely miss the adder. Your grab misses the adder.
The adder is severely wounded.
The adder completely misses you.
You tentacle-slap the adder. Your grab misses the adder.
The adder is severely wounded.
The adder barely misses you.
You closely miss the adder. You grab the adder.
The adder is severely wounded.
You constrict the adder, but do no damage.
The adder bites you.
* * * LOW HITPOINT WARNING * * *
You tentacle-slap the adder but do no damage.
The adder is severely wounded.
You constrict the adder, but do no damage.
The adder bites you.
You die...

# .. ... ### ...
#..### ... #.....#
... ...##.. ...
.#.#### ##..##...
...
....?..####...#._..
... #.@S....(##%..
... ####......##..
.. #..>......# .
###.##..### .... .#
..... .. ....... ..
.#.#.#. . .l...).


You could see an adder.

Vanquished Creatures
  A dart slug (D:1)
  A leopard gecko (D:1)
  5 bats
  A giant cockroach (D:1)
  5 hobgoblins
  3 jackals (D:2)
  2 frilled lizards
  3 rats (D:1)
21 creatures vanquished.

Notes
Turn   | Place    | Note
-------+----------+-------------------------------------------
     0 | D:1      | gruber the Octopode Conjurer began the quest for the Orb.
     0 | D:1      | Reached XP level 1. HP: 11/11 MP: 3/3
   332 | D:1      | Reached XP level 2. HP: 17/17 MP: 1/5
   412 | D:1      | Learned a level 2 spell: Searing Ray
   863 | D:2      | Found a shadowy altar of Dithmenos.
   888 | D:2      | Reached XP level 3. HP: 21/21 MP: 1/6
   921 | D:2      | Slain by an adder

Illustrated notes

Levels and vault maps discovered:
D:1:      dpeg_arrival_snail, layout_basic
D:2:      layout_rooms, overflow_temple_1_default, elyvilon_altar_5,
          ebering_dispersal_statue_hall,
          nicolae_dithmenos_through_a_glass_darkly

Action                   || total
-------------------------++-------
Melee: Unarmed           ||    20
       Constrict         ||     5
       Tentacles         ||     3
Throw: Dart              ||     2
 Cast: Magic Dart        ||    39
Armor: Skin              ||     1
Dodge: Dodged            ||    23

Table legend:
 A = Non-vault XP
 B = Vault XP
 C = Vault XP percentage of total XP
 D = Non-vault monster count
 E = Vault monster count
 F = Vault count percentage of total count
                 A         B        C        D         E       F
            +---------+---------+-------+---------+---------+-------
      Total |      40 |       0 |   0.0 |      21 |       0 |   0.0
            +---------+---------+-------+---------+---------+-------
        D:1 |      27 |       0 |   0.0 |      14 |       0 |   0.0
        D:2 |      13 |       0 |   0.0 |       7 |       0 |   0.0
            +---------+---------+-------+---------+---------+-------
